 Dungeon Crawl Stone Soup version 0.28-a0-79-g444c7a33f5 (webtiles) character file.

Game seed: 6137832350004851613

33 kae the Ruffian (level 3, -1/29 HPs)
             Began as a Draconian Transmuter on Aug 3, 2021.
             Slain by a gnoll (5 damage)
             ... on level 1 of the Dungeon.
             The game lasted 00:02:00 (1729 turns).

kae the Ruffian (Draconian Transmuter)              Turns: 1729, Time: 00:02:01

Health: -1/29      AC:  5    Str: 13    XL:     3   Next: 12%
Magic:  6/6        EV: 12    Int: 13    God:
Gold:   47         SH:  0    Dex: 11    Spells: 5/6 levels left

rFire   . . .      SeeInvis .   a - +0 whip
rCold   . . .      Faith    .   (no shield)
rNeg    . . .      Spirit   .   (armour unavailable)
rPois   .          Reflect  .   (helmet currently unavailable)
rElec   .          Harm     .   (no cloak)
rCorr   .          Rampage  .   (no gloves)
Will    .....                   (boots currently unavailable)
Stlth   +.........              (no amulet)
HPRegen 0.09/turn               (no ring)
MPRegen 0.10/turn               (no ring)

@: appendages (expiring)
A: horns 2, talons 2, AC +5, unfitting armour, cold-blooded
a: End Transformation


You were on level 1 of the Dungeon.
You had temporarily grown beastly horns and talons.
You visited 1 branch of the dungeon, and saw 2 of its levels.

You collected 47 gold pieces.

Inventory:

Hand Weapons
 a - a +0 whip (weapon)
Potions
 c - a potion of haste


   Skills:
 + Level 1.7 Fighting
 - Level 1.7 Dodging
 * Level 3.5 Unarmed Combat
 - Level 2.0 Spellcasting
 * Level 2.7 Transmutations


You had 5 spell levels left.
You knew the following spells:

 Your Spells              Type           Power      Damage    Failure   Level
a - Beastly Appendage     Tmut           16%        N/A       9%          1

Your spell library contained the following spells:

 Spells                   Type           Power      Damage    Failure   Level
 Wereblood                Tmut           8%         N/A       13%         2
 Spider Form              Tmut/Pois      2%         N/A       41%         3
 Ice Form                 Ice/Tmut       4%         N/A       82%         4


Dungeon Overview and Level Annotations

Branches:
Dungeon (2/15)

Altars:

Annotations:
D:1 Terence
D:2 Robin, Sigmund


Innate Abilities, Weirdness & Mutations

You have temporarily grown beastly horns and talons.
Your plain brown scales are hard. (AC +5)
You cannot fit into any form of body armour.
You are cold-blooded and may be slowed by cold attacks.


Message History

The hobgoblin closely misses you. The goblin hits you with a +0 club.
The hobgoblin hits you but does no damage.
The hobgoblin barely misses you. The goblin barely misses you.
The hobgoblin closely misses you.
You barely miss the hobgoblin. You claw the hobgoblin.
The hobgoblin is lightly wounded.
The hobgoblin hits you but does no damage.
The goblin barely misses you.
Terence shouts, "Get ready for death!"
The hobgoblin barely misses you. The hobgoblin hits you.
You closely miss the hobgoblin.
Your tail-slap misses the hobgoblin.
The hobgoblin is lightly wounded.
Your transformation is almost over.
The goblin hits you with a +0 club. The hobgoblin misses you.
The hobgoblin barely misses you. The goblin barely misses you.
You closely miss the hobgoblin. You claw the hobgoblin.
You tail-slap the hobgoblin.
You kill the hobgoblin!
The goblin hits you with a +0 club. The hobgoblin hits you.
The goblin barely misses you.
You closely miss the hobgoblin. You claw the hobgoblin.
The hobgoblin is moderately wounded.
The gnoll hits you but does no damage. Terence hits you but does no damage.
The hobgoblin hits you. The goblin barely misses you.
You closely miss the goblin. You claw the goblin.
You kill the goblin!
The gnoll misses you. Terence hits you with a +0 short sword.
The hobgoblin misses you.
You hit the goblin.
The goblin is moderately wounded.
The gnoll hits you from afar with a +0 spear.
* * * LOW HITPOINT WARNING * * *
Terence hits you with a +0 short sword.
* * * LOW HITPOINT WARNING * * *
The goblin hits you but does no damage.
The hobgoblin hits you but does no damage.
You closely miss the goblin. Your kick misses the goblin.
The goblin is moderately wounded.
The gnoll hits you from afar with a +0 spear.
You die...

##.##..................####⌠#⌠#⌠#
.#.##........'#........##...._...
.............'(#..........#⌠#⌠#⌠#
.............#.#.################
.............#.#......#
.............#.#.#....#
.####........#gg.#....##### .#
#.....######@g#........# .#
#.....# #g@#........# .# #.....#
####........# .# #####.#
#........# ## #.# #....#####
########.# #....# ......##.#
#....# ......##'###### #....#
..............# ##'#############
..............# #.#....†.......


You could see Terence, a gnoll, a hobgoblin and 2 goblins.

Vanquished Creatures
  A dart slug (D:1)
  A giant cockroach (D:1)
  2 goblins (D:1)
  2 hobgoblins (D:1)
  8 jackals (D:1)
  A quokka (D:1)
  6 ball pythons (D:1)
  6 bats (D:1)
  A frilled lizard (D:1)
  A kobold (D:1)
  A rat (D:1)
30 creatures vanquished.

Notes
Turn   | Place    | Note
-------+----------+-------------------------------------------
     0 | D:1      | kae the Draconian Transmuter began the quest for the Orb.
     0 | D:1      | Reached XP level 1. HP: 16/16 MP: 3/3
   252 | D:1      | Reached XP level 2. HP: 18/23 MP: 3/5
   835 | D:1      | Found a faded altar of an unknown god.
  1313 | D:1      | Reached XP level 3. HP: 26/29 MP: 4/6
  1456 | D:2      | Noticed Terence
  1490 | D:2      | Noticed Sigmund
  1717 | D:2      | Noticed Robin
  1729 | D:1      | Slain by a gnoll

Illustrated notes

Levels and vault maps discovered:
D:1:      sevenhm_arrival_forest_fort_large_4, layout_basic,
          ebering_ecumenical_altar_hall
D:2:      layout_rooms, basic_altar, minmay_tiny_reverse_x, uniq_terence,
          uniq_natasha, uniq_sigmund, uniq_robin

Action                   || total
-------------------------++-------
Melee: Whip              ||    98
       Unarmed           ||    11
       Tailslap          ||     9
       Kick              ||    11
       Headbutt          ||     6
       Punch             ||     1
 Cast: Beastly Appendage ||    18
  Use: Potion            ||     3
       Scroll            ||     2
Armor: Skin              ||    57
Dodge: Dodged            ||   146

Table legend: (Time is in decaauts)
 A = Elapsed time spent in this place.
 B = Non-inter-level travel time spent in this place.
 C = Inter-level travel time spent in this place.
 D = Time resting spent in this place.
 E = Time spent auto-exploring this place.
 F = Levels seen in this place.
 G = Mean time per level.
                   A        B        C        D        E       F      G
               +--------+--------+--------+--------+--------+-----+--------+
         Total |   1724 |   1688 |     36 |     13 |   1167 |   2 |  862.0 |
       Dungeon |   1724 |   1688 |     36 |     13 |   1167 |   2 |  862.0 |
               +--------+--------+--------+--------+--------+-----+--------+

Top non-repeatable levels by time:
     D:1: 1713 daAuts
     D:2: 10 daAuts
